 Dungeon Crawl Stone Soup version 0.28-a0-239-g68911e0c57 (console) character file.

Game seed: 5789532390627351584

117645 jejorda2 the Phalangite (level 16, 0/190 HPs)
             Began as a Merfolk Berserker on Aug 23, 2021.
             Was a High Priest of Trog.
             Slain by an alligator (8 damage)
             ... called by a spriggan druid
             ... on level 2 of the Swamp.
             The game lasted 01:17:43 (32428 turns).

jejorda2 the Phalangite (Merfolk Berserker)        Turns: 32428, Time: 01:17:43

Health: 0/190      AC: 29    Str: 22    XL:     16   Next: 74%
Magic:  16/16      EV:  9    Int:  8    God:    Trog [*****.]
Gold:   918        SH:  0    Dex: 14    Spells: 15/15 levels left

rFire   . . .      SeeInvis .   a - +4 bardiche (flame)
rCold   . . .      Faith    .   (shield currently unavailable)
rNeg    . . .      Spirit   .   H - +0 crystal plate armour
rPois   +          Reflect  .   G - +2 helmet
rElec   .          Harm     .   q - +0 cloak
rCorr   .          Rampage  .   j - +0 pair of gloves
Will    +....                   (boots currently unavailable)
Stlth   ..........              P - amulet of the acrobat
HPRegen 0.41/turn               g - +4 ring of slaying
MPRegen 0.15/turn               h - ring of poison resistance

@: berserking, studying Armour, very quick
A: nimble swimmer 2, mertail
a: Renounce Religion, Berserk, Trog's Hand, Brothers in Arms


You were on level 2 of the Swamp.
You worshipped Trog.
Trog was extremely pleased with you.
You visited 4 branches of the dungeon, and saw 24 of its levels.
You also visited: Ossuary and Bailey.

You collected 2374 gold pieces.
You spent 1456 gold pieces at shops.

Inventory:

Hand Weapons
 a - a +4 bardiche of flaming (weapon)
 C - the +2 long sword "Naer" {venom, rElec rF+ Str+4}
   (You took it off an orc warrior in a bailey)

   It poisons the flesh of those it strikes.
   Str:       It affects your strength (+4).
   rF:        It protects you from fire.
   rElec:     It insulates you from electricity.
 S - a +2 antimagic trident
Missiles
 c - 592 stones
 s - 13 javelins
 A - 34 poisoned darts
 J - 8 silver boomerangs
 K - 6 throwing nets
 U - 5 curare-tipped darts
 V - 40 boomerangs (quivered)
Armour
 j - a +0 pair of gloves (worn)
 q - a +0 cloak (worn)
 G - a +2 helmet (worn)
 H - a +0 crystal plate armour (worn)
Jewellery
 g - a +4 ring of slaying (left hand)
 h - a ring of poison resistance (right hand)
 i - a ring of flight
 L - a +4 ring of slaying
 P - an amulet of the acrobat (around neck)
 W - a ring of fire
Wands
 b - a wand of iceblast (16)
 d - a wand of flame (39)
 p - a wand of acid (44)
 x - a wand of digging (12)
 E - a wand of polymorph (19)
 I - a wand of charming (7)
 M - a wand of mindburst (5)
 R - a wand of paralysis (13)
Scrolls
 f - a scroll of immolation
 u - 8 scrolls of teleportation
 w - 3 scrolls of blinking
 y - 4 scrolls of fear
 D - 2 scrolls of magic mapping
 N - 2 scrolls of fog
 O - 6 scrolls of identify
 Q - 2 scrolls of enchant armour
Potions
 e - 7 potions of ambrosia
 k - 3 potions of mutation
 l - 3 potions of invisibility
 m - 2 potions of attraction
 n - 9 potions of curing
 o - 2 potions of heal wounds
 r - 5 potions of lignification
 t - 5 potions of haste
 v - 4 potions of flight
 z - 2 potions of might
 B - a potion of berserk rage
 F - 5 potions of cancellation
 T - a potion of resistance


   Skills:
 - Level 12.0 Fighting
 - Level 26.0 Polearms
 - Level 12.0 Throwing
 * Level 13.1 Armour
 + Level 8.7 Dodging
 - Level 6.0 Evocations


You had 15 spell levels left.
You didn't know any spells.
Your spell library was empty.

Dungeon Overview and Level Annotations

Branches:
Dungeon (14/15)            Temple (0/1) D:6            Lair (6/6) D:10
  Swamp (2/4) Lair:4       Spider (0/4) Lair:2        Slime (0/5) Lair:6
    Orc (2/2) D:11            Elf (0/3) Orc:2        Vaults (0/5) D:13
Ossuary (visited)          Bailey (visited)

Altars:
Cheibriados
Dithmenos
Elyvilon
Fedhas
Kikubaaqudgha
Nemelex Xobeh
Okawaru
Qazlal
Trog
Uskayaw
Vehumet
Xom
Zin
The Shining One
Beogh
Jiyva

Shops:
D:10 (   D:11 !   D:12 :   Orc:2 =*[(:

Annotations:
D:14 exclusion: centaur, Azrael
Lair:6 3 runed translucent doors, Maimakterion's ghost, journeyman DrFE


Innate Abilities, Weirdness & Mutations

You are quick and stealthy near water. (Stealth+, EV+, Speed+++)
Your lower body shifts to a powerful aquatic tail in water.


Message History

The swamp worm bites you but does no damage.
The alligator barely misses you.
The alligator tail-slaps you but does no damage.
You slash the swamp worm! You burn the swamp worm.
You tail-slap the swamp worm.
The swamp worm is heavily wounded.
The alligator bites you but does no damage.
The alligator tail-slaps you but does no damage.
You barely miss the swamp worm.
The swamp worm is heavily wounded.
The swamp worm bites you but does no damage.
The alligator bites you!
* * * LOW HITPOINT WARNING * * *
The alligator tail-slaps you but does no damage.
The goliath frog barely misses you.
You closely miss the swamp worm.
The swamp worm is heavily wounded.
The alligator bites you!
* * * LOW HITPOINT WARNING * * *
The alligator misses you.
The swamp worm bites you but does no damage.
The alligator bites you but does no damage.
The alligator tail-slaps you!
* * * LOW HITPOINT WARNING * * *
You slice the swamp worm!! You burn the swamp worm!
You kill the swamp worm!
Trog accepts your kill.
The goliath frog hits you but does no damage.
The alligator bites you!
* * * LOW HITPOINT WARNING * * *
The alligator tail-slaps you.
* * * LOW HITPOINT WARNING * * *
You slice the alligator!! You burn the alligator.
The alligator is heavily wounded.
The spriggan druid calls out to the beasts of the wild!
You slice the alligator!! You burn the alligator.
You kill the alligator!
Trog accepts your kill. The alligator bites you!
You die...

..♣ ≈.♣♣♣ ≈≈.≈♣
♣♣♣♣♣...♣ ♣♣♣♣.§≈♣...♣
.≈..≈≈...≈.♣♣
♣...≈§≈≈≈...♣
≈♣≈≈..≈≈@.≈♣
.§.≈≈.≈†t.≈♣
♣≈♣$..F≈≈..♣
♣≈♣♣..i≈...♣
≈≈≈....♣♣.♣≈.≈.....≈♣
≈≈≈≈≈≈≈.♣♣...≈≈.≈≈≈≈§♣
≈≈≈≈≈≈≈.♣♣[..≈...≈≈..♣
.≈≈≈≈≈≈.♣♣≈♣.≈≈..≈..♣♣
≈.≈≈≈≈§≈≈...♣.♣.≈...♣♣


You could see an alligator (swift), a spriggan druid and a goliath frog.

Vanquished Creatures
  Jorgrun (D:14)
  Rupert (D:14)
  Gastronok (D:8)
  A fenstrider witch (Swamp:1)
  An orc warlord (Orc:1)
  3 bunyips
  2 eleionomae
  Snorg (Lair:4)
  A fire dragon (D:13)
  Harold (D:11)
  14 hydras
  A spriggan air mage (Swamp:1)
  A vault guard (D:13)
  An ogre mage (D:13)
  Erica (D:9)
  3 centaur warriors
  9 two-headed ogres
  16 death yaks
  An alligator (Swamp:2)
  3 orc high priests (Orc:2)
  Sonja (Orc:1)
  An iron troll (D:13)
  A swamp dragon (Swamp:1)
  3 goliath frogs
  3 spriggan druids
  3 bog bodies (Swamp:1)
  A flayed ghost (D:9)
  5 orc knights
  2 deep elf pyromancers
  A wolf spider (Lair:2)
  3 orc sorcerers (Orc:2)
  7 ugly things
  2 manticores
  3 cyclopes (D:13)
  Joseph (D:8)
  2 black mambas
  9 elephants
  3 gargoyles
  11 cane toads
  A torpor snail (Lair:3)
  Maggie (D:8)
  2 unseen horrors
  2 rime drakes
  A kobold demonologist (D:12)
  A bloated husk (Swamp:1)
  11 komodo dragons
  7 trolls
  7 polar bears
  3 jumping spiders (Lair:2)
  2 tyrant leeches (Lair:4)
  A queen bee (Lair:1)
  7 hornets
  Prince Ribbit (D:8)
  25 blink frogs
  A raiju (shapeshifter) (D:14)
  7 slime creatures
  2 dream sheep (Lair:6)
  A shadow (D:9)
  20 spriggans
  A redback (Lair:2)
  2 water elementals (D:13)
  A fire elemental (D:14)
  3 wyverns
  10 fire bats (D:9)
  27 yaks
  4 wraiths (D:9)
  4 basilisks
  A steam dragon (D:10)
  Grum (D:11)
  Menkaure (D:6)
  Edmund (D:6)
  8 swamp worms
  9 water moccasins
  2 acid dragons
  43 orc warriors
  6 black bears
  An ice beast (D:7)
  A sky beast (D:8)
  2 boggarts (Lair:6)
  6 ogres
  A centaur (D:8)
  44 wolves
  Blork the orc (D:5)
  2 kobold brigands (D:12)
  10 bullfrogs
  An elf skeleton (D:4)
  13 scorpions
  A wyvern zombie (D:9)
  31 killer bees
  4 wights (D:5)
  2 howler monkeys
  7 electric eels
  5 centaur zombies
  3 bullfrog zombies
  A gnoll shaman (D:5)
  18 orc priests
  4 human zombies
  A hound (D:4)
  4 human skeletons (D:4)
  A jelly (D:4)
  3 iguanas
  4 scorpion zombies (Ossuary)
  27 orc wizards
  10 hell rats (Lair:3)
  A killer bee zombie (D:9)
  3 mummies (Ossuary)
  3 howler monkey zombies
  7 gnolls
  A howler monkey skeleton (D:5)
  16 river rats (Lair:3)
  7 adders
  A shadow imp (D:3)
  2 white imps (D:7)
  2 ufetubi
  3 adder skeletons
  2 worms
  A dart slug (D:2)
  83 orcs
  7 ball pythons
  29 bats
  A bat zombie (D:11)
  6 endoplasms
  A gnoll zombie (Ossuary)
  11 goblins
  7 hobgoblins
  8 jackals
  6 quokkas
  6 frilled lizards
  3 goblin zombies (Ossuary)
  3 hobgoblin zombies (Ossuary)
  10 kobolds
  2 kobold zombies (Ossuary)
  An orc zombie (Ossuary)
  13 rats
806 creatures vanquished.

Vanquished Creatures (collateral kills)
  An orc high priest (Orc:2)
  3 killer bees (Lair:1)
  An orc wizard (Orc:2)
  An orc (Orc:1)
6 creatures vanquished.

Vanquished Creatures (others)
  21 fungi
  19 plants
40 creatures vanquished.

Grand Total: 852 creatures vanquished

Notes
Turn   | Place    | Note
-------+----------+-------------------------------------------
     0 | D:1      | jejorda2 the Merfolk Berserker began the quest for the Orb.
     0 | D:1      | Reached XP level 1. HP: 18/18 MP: 1/1
    52 | D:1      | Found a faded altar of an unknown god.
    74 | D:1      | Reached XP level 2. HP: 16/24 MP: 2/2
    82 | D:1      | Reached skill level 5 in Polearms
   385 | D:1      | Reached ** piety under Trog
   416 | D:1      | Reached XP level 3. HP: 29/29 MP: 3/3
  1139 | D:2      | Found an iron altar of Okawaru.
  1291 | D:2      | Reached XP level 4. HP: 28/37 MP: 4/4
  1683 | D:2      | Reached skill level 6 in Polearms
  2129 | D:3      | Reached XP level 5. HP: 41/42 MP: 5/5
  2554 | D:3      | Found a blossoming altar of Fedhas.
  2614 | D:3      | Found a stormy altar of Qazlal.
  2826 | D:3      | Reached *** piety under Trog
  2843 | D:3      | Reached skill level 7 in Polearms
  2894 | D:3      | Found a white marble altar of Elyvilon.
  3101 | D:3      | Found a shimmering altar of Xom.
  3216 | D:4      | Reached XP level 6. HP: 40/49 MP: 6/6
  3258 | D:4      | Found a hide-covered altar of Uskayaw.
  3311 | D:4      | Found a sand-covered staircase.
  3323 | D:4      | Reached skill level 8 in Polearms
  3344 | Ossuary  | Entered an ossuary
  3405 | Ossuary  | Reached skill level 5 in Fighting
  3405 | Ossuary  | Reached XP level 7. HP: 56/56 MP: 7/7
  3533 | Ossuary  | Reached skill level 9 in Polearms
  3803 | Ossuary  | Reached **** piety under Trog
  3804 | Ossuary  | Reached XP level 8. HP: 64/64 MP: 8/8
  3863 | Ossuary  | Reached skill level 10 in Polearms
  4209 | D:4      | Reached skill level 11 in Polearms
  4649 | D:5      | Entered Level 5 of the Dungeon
  4826 | D:5      | Found a radiant altar of Vehumet.
  4848 | D:5      | Identified a scroll of acquirement
  4848 | D:5      | Acquired a +0 bardiche of flaming
  4943 | D:5      | Reached ***** piety under Trog
  4944 | D:5      | Reached skill level 12 in Polearms
  4959 | D:5      | Reached XP level 9. HP: 11/69 MP: 9/9
  5548 | D:5      | Noticed Blork the orc
  5554 | D:5      | Killed Blork the orc
  5594 | D:5      | Found an iron altar of Okawaru.
  5605 | D:5      | Acquired a manual of Polearms
  5728 | D:5      | Reached skill level 13 in Polearms
  5970 | D:6      | Found a staircase to the Ecumenical Temple.
  6295 | D:6      | Noticed Menkaure
  6301 | D:6      | Killed Menkaure
  6302 | D:6      | Reached skill level 5 in Armour
  6703 | D:6      | Noticed Edmund
  6713 | D:6      | Killed Edmund
  6714 | D:6      | Reached skill level 14 in Polearms
  7265 | D:7      | Noticed a two-headed ogre
  7272 | D:7      | Killed a two-headed ogre
  7273 | D:7      | Reached skill level 15 in Polearms
  7543 | D:7      | Reached skill level 16 in Polearms
  7987 | D:8      | Found a flagged portal.
  7996 | Bailey   | Entered a bailey
  7996 | Bailey   | Noticed an orc knight
  8010 | Bailey   | Reached XP level 10. HP: 42/76 MP: 10/10
  8049 | Bailey   | Identified the +2 long sword "Naer" {venom, rElec rF+
                  | Str+4}
  8177 | Bailey   | Reached skill level 17 in Polearms
  8296 | Bailey   | Killed an orc knight
  8297 | Bailey   | Reached skill level 18 in Polearms
  8482 | Bailey   | Reached skill level 19 in Polearms
  8725 | D:8      | Noticed Maggie
  8725 | D:8      | Noticed a gargoyle
  8734 | D:8      | Killed Maggie
  8736 | D:8      | Killed a gargoyle
  8737 | D:8      | Reached skill level 20 in Polearms
  8796 | D:8      | Received a gift from Trog
  8796 | D:8      | Noticed Gastronok
  8797 | D:8      | Reached skill level 1 in Evocations
  8916 | D:8      | Killed Gastronok
  8917 | D:8      | Reached skill level 21 in Polearms
  8917 | D:8      | Reached XP level 11. HP: 81/81 MP: 11/11
  9156 | D:8      | Noticed Joseph
  9164 | D:8      | Killed Joseph
  9279 | D:9      | Noticed Prince Ribbit
  9722 | D:8      | Killed Prince Ribbit
  9889 | D:9      | Noticed a two-headed ogre
  9895 | D:9      | Killed a two-headed ogre
 10092 | D:9      | Noticed Erica
 10121 | D:9      | Killed Erica
 10509 | D:9      | Found a runed translucent door.
 10533 | D:9      | Found a bloodstained altar of Trog.
 10618 | D:9      | Found a shadowy altar of Dithmenos.
 10622 | D:9      | Reached skill level 5 in Evocations
 10632 | D:9      | Found a radiant altar of Vehumet.
 10720 | D:9      | Found a glowing silver altar of Zin.
 10768 | D:9      | Reached skill level 22 in Polearms
 10837 | D:9      | Found a glowing golden altar of the Shining One.
 10906 | D:9      | Found a sparkling altar of Nemelex Xobeh.
 11077 | D:9      | Noticed a flayed ghost
 11087 | D:9      | Killed a flayed ghost
 11170 | D:10     | Entered Level 10 of the Dungeon
 11192 | D:10     | Reached XP level 12. HP: 71/88 MP: 12/12
 11320 | D:10     | Found a snail-covered altar of Cheibriados.
 11435 | D:10     | Found a staircase to the Lair.
 11873 | D:10     | Found Unustun's Weapon Emporium.
 12142 | Lair:1   | Entered Level 1 of the Lair of Beasts
 12540 | Lair:1   | Noticed an eight-headed hydra
 12549 | Lair:1   | Killed a five-headed hydra
 13122 | Lair:1   | Noticed a four-headed hydra
 13129 | Lair:1   | Killed a one-headed hydra
 13566 | Lair:1   | Received a gift from Trog
 14186 | Lair:2   | Reached XP level 13. HP: 91/99 MP: 13/13
 14647 | Lair:2   | Reached skill level 5 in Dodging
 14713 | Lair:2   | Found a hole to the Spider Nest.
 15043 | Lair:3   | Reached skill level 23 in Polearms
 16293 | Lair:4   | Reached skill level 1 in Throwing
 16301 | Lair:4   | Found a staircase to the Swamp.
 16362 | Lair:4   | Noticed Snorg
 16373 | Lair:4   | Killed Snorg
 16552 | Lair:4   | Reached skill level 10 in Fighting
 17128 | Lair:4   | Received a gift from Trog
 17841 | Lair:5   | Reached XP level 14. HP: 111/111 MP: 14/14
 18008 | Lair:5   | Reached skill level 24 in Polearms
 18079 | Lair:5   | Reached skill level 5 in Throwing
 19102 | Lair:6   | Entered Level 6 of the Lair of Beasts
 20000 | Lair:6   | Identified the +1 rapier "Killer Klown's Peril" {freeze,
                  | MP+9 Int+4 Dex+4}
 20461 | Lair:6   | Reached skill level 25 in Polearms
 20486 | Lair:6   | Reached XP level 15. HP: 91/120 MP: 15/15
 20954 | Lair:6   | Found a runed translucent gate.
 20955 | Lair:6   | Found a runed translucent gate.
 20956 | Lair:6   | Found a runed translucent gate.
 20959 | Lair:6   | Found a viscous altar of Jiyva.
 20959 | Lair:6   | Noticed Maimakterion's ghost (journeyman DrFE)
 21045 | Lair:6   | Found a staircase to the Slime Pits.
 21649 | D:11     | Noticed Grum
 21665 | D:11     | Killed Grum
 21892 | D:11     | Found a staircase to the Orcish Mines.
 22307 | D:11     | Found Qafekok's Distillery.
 22312 | D:11     | Bought a potion of degeneration for 16 gold pieces
 22312 | D:11     | Bought a potion of resistance for 160 gold pieces
 22319 | D:11     | Noticed Harold
 22323 | D:11     | Killed Harold
 22414 | D:11     | Found an ancient bone altar of Kikubaaqudgha.
 22703 | D:12     | Found Linaohut's Book Emporium.
 23190 | D:12     | Reached ****** piety under Trog
 23190 | D:12     | Received a gift from Trog
 24125 | D:13     | Reached skill level 10 in Throwing
 24328 | D:13     | Reached skill level 26 in Polearms
 24856 | D:13     | Found a gate to the Vaults.
 25409 | D:12     | Bought a manual of Armour for 1280 gold pieces
 25464 | Orc:1    | Entered Level 1 of the Orcish Mines
 25606 | Orc:1    | Noticed Sonja
 25617 | Orc:1    | Killed Sonja
 26016 | Orc:2    | Entered Level 2 of the Orcish Mines
 26792 | Orc:2    | Found a staircase to the Elven Halls.
 26874 | Orc:2    | Found Huegeong's Self-Improvement Boutique.
 26964 | Orc:2    | Received a gift from Trog
 26974 | Orc:2    | Noticed an orc warlord
 26993 | Orc:2    | HP: 1/180 [orc warrior (14)]
 27467 | Orc:1    | Killed an orc warlord
 27468 | Orc:1    | Reached skill level 10 in Armour
 27618 | Orc:2    | Reached XP level 16. HP: 90/127 MP: 16/16
 27839 | Orc:2    | Paralysed by an orc sorcerer for 7 turns
 28399 | Orc:2    | Found Hifik's General Store.
 28400 | Orc:2    | Found Ysho's Jewellery Boutique.
 28402 | Orc:2    | Found Seetzues's Antique Armour Boutique.
 28402 | Orc:2    | Found Qetirupo's Antique Weapon Shop.
 28647 | D:14     | Noticed Rupert
 28654 | D:14     | Killed Rupert
 28956 | D:14     | Noticed Jorgrun
 28979 | D:14     | Killed Jorgrun
 29345 | D:14     | Noticed Azrael
 29943 | Swamp:1  | Entered Level 1 of the Swamp
 31300 | Swamp:1  | Found a sparkling altar of Nemelex Xobeh.
 31387 | Swamp:1  | Noticed a fenstrider witch
 31395 | Swamp:1  | Killed a fenstrider witch
 31886 | Swamp:1  | Received a gift from Trog
 32425 | Swamp:2  | HP: 8/190 [alligator[a spriggan druid] (2)]
 32428 | Swamp:2  | Slain by an alligator

Illustrated notes

Levels and vault maps discovered:
D:1:      wander_arrival_estate, layout_loops_ring,
          shapermc_ecumenical_altar_starsandcircs, kennysheep_pointless_box,
          chequers_serial_rivers_small_a
D:2:      layout_basic, basic_altar
D:3:      layout_basic, mainiacjoe_overflow_six_doors_small,
          mainiacjoe_overflow_big_doors, lemuel_round_altar
D:4:      layout_rooms, mainiacjoe_overflow_tiny_flanked,
          nicolae_ossuary_entry_catacombs
D:5:      layout_loops_ring, vehumet_altar_wand_db, okawaru_ov_weapons_minmay,
          grunt_ministairs_15, chequers_serial_rivers_micro_b,
          uniq_blork_the_orc
D:6:      layout_cave_pods, minmay_temple_entry_stoned_glass,
          hangedman_decor_points, uniq_edmund, uniq_menkaure
D:7:      layout_basic
D:8:      layout_basic, enter_bailey_2, hangedman_decor_peaks_small,
          uniq_gastronok, uniq_joseph, uniq_maggie
D:9:      due_megacathedral, layout_irregular_city, uniq_prince_ribbit1,
          uniq_erica
D:10:     layout_basic, kennysheep_mini, grunt_lair_entry_orc_guard_hut,
          serial_shops, shop, serial_corexii_hall, corexii_hall_statues_l,
          corexii_hall_statues_l, chequers_hall_statues_y
D:11:     layout_long_grid, orc_0_dummy, serial_shops, kennysheep_little_box,
          lemuel_zombie_altar_kikubaaqudgha, uniq_grum, uniq_harold
D:12:     layout_small_grid, serial_shops,
          nicolae_shop_temple_entry_statues_fountains,
          kennysheep_cluttered_room, st_stairs_6
D:13:     layout_basic, david_vaults_4
D:14:     layout_gridville, nicolae_trove_entry_crystal, uniq_azrael,
          uniq_jorgrun, uniq_rupert
Lair:1:   layout_hall_layers, special_room [special_room_bee], minivault_27,
          fungi_pond_lemuel, infiniplex_staircase_pool_2
Lair:2:   layout_cave_shapes, spider_nest_entry_funnel_web,
          chequers_serial_rivers_micro_b, lemuel_fruit_tree, grunt_megastairs_4,
          serial_bayou_shore_b
Lair:3:   lemuel_ratsnest, layout_cellular_growth, minmay_shattered_shrine
Lair:4:   layout_regular_city, swamp_mist_pool, uniq_snorg
Lair:5:   layout_small_grid, st_stairs_13, minivault_26
Lair:6:   minmay_lair_end_enchanted_forest, layout_hall_layers,
          dpeg_slime_entry_corner, gammafunk_ghost_ooze
Swamp:1:  layout_basic_swamp, basic_altar, infiniplex_staircase_pool
Swamp:2:  layout_basic_swamp, nicolae_swamp_triple_paths, swamp_pool3,
          nzn_swamp_stair_ambush
Orc:1:    layout_caves, uniq_sonja
Orc:2:    st_orc_congregation, layout_caves, basic_altar, nicolae_shop_self_help

Skill      XL: |  1  2  3  4  5  6  7  8  9 10 11 12 13 14 15 16 |
---------------+-------------------------------------------------+-----
Polearms       | 5 6 7 8 9 12 16 21 22 23 25 26 | 26.0
Armour         | 2 3 4 5 6 7 9 10 13 | 13.1
Fighting       | 4 5 6 8 10 12 | 12.0
Evocations     | 3 5 6 |  6.0
Dodging        | 4 7 8 |  8.7
Throwing       | 4 8 11 12 | 12.0

Action                   |  1- 3 |  4- 6 |  7- 9 | 10-12 | 13-15 | 16-18 || total
-------------------------+-------+-------+-------+-------+-------+-------++-------
Melee: Spear             |   110 |    80 |       |       |       |       ||   190
       Trident           |       |   113 |   217 |       |       |       ||   330
       Bardiche          |       |       |    19 |    89 |  1002 |   290 ||  1400
       Halberd           |       |       |    96 |       |       |       ||    96
       Glaive            |       |       |       |   395 |       |       ||   395
       Tailslap          |       |       |       |       |     2 |    10 ||    12
Throw: Stone             |    23 |       |    13 |    17 |    54 |       ||   107
       Boomerang         |       |       |       |       |     6 |     8 ||    14
Invok: Berserk           |     1 |     5 |     4 |     6 |     7 |     7 ||    30
       Trog's Hand       |       |       |       |     6 |     2 |     2 ||    10
       Brothers in Arms  |       |       |       |     3 |     2 |     1 ||     6
Evoke: Wand              |       |       |       |    12 |       |       ||    12
  Use: Scroll            |       |     2 |    15 |    10 |     8 |       ||    35
       Potion            |       |       |       |     4 |     2 |       ||     6
Armor: Animal skin       |    13 |     1 |       |       |       |       ||    14
       Chain mail        |       |    24 |       |       |       |       ||    24
       Scale mail        |       |    28 |    88 |     4 |       |       ||   120
       Crystal plate arm |       |       |       |   394 |   584 |   204 ||  1182
Dodge: Dodged            |    45 |    47 |    87 |   107 |   270 |    86 ||   642

Table legend: (Time is in decaauts)
 A = Elapsed time spent in this place.
 B = Non-inter-level travel time spent in this place.
 C = Inter-level travel time spent in this place.
 D = Time resting spent in this place.
 E = Time spent auto-exploring this place.
 F = Levels seen in this place.
 G = Mean time per level.
                   A        B        C        D        E       F      G
               +--------+--------+--------+--------+--------+-----+--------+
         Total |  32047 |  30419 |   1628 |   5114 |  20585 |  26 | 1232.6 |
       Dungeon |  15873 |  14795 |   1078 |   1763 |  10868 |  14 | 1133.8 |
          Lair |  10185 |   9771 |    414 |   1293 |   7105 |   6 | 1697.5 |
         Swamp |   1489 |   1459 |     30 |    374 |    911 |   2 |  744.5 |
  Orcish Mines |   3039 |   2935 |    104 |   1064 |   1277 |   2 | 1519.5 |
       Ossuary |    838 |    838 |      0 |    190 |    407 |   1 |  838.0 |
        Bailey |    621 |    621 |      0 |    427 |     15 |   1 |  621.0 |
               +--------+--------+--------+--------+--------+-----+--------+

Top non-repeatable levels by time:
    D:13: 2387 daAuts
  Lair:4: 2166 daAuts
   Orc:1: 1969 daAuts
  Lair:6: 1933 daAuts
  Lair:5: 1932 daAuts
  Lair:1: 1804 daAuts
 Swamp:1: 1466 daAuts
     D:2: 1395 daAuts
  Lair:3: 1394 daAuts
     D:9: 1387 daAuts
    D:12: 1292 daAuts
     D:8: 1272 daAuts
     D:5: 1185 daAuts
    D:10: 1089 daAuts
   Orc:2: 1069 daAuts
